AoeStats
← DK

Arabia

510544199Analyzed
1v1 RM · 8h ago on Oct 1, 2026· 42m 24s· 2 players
Game mode
Random Map
Map size
Tiny (2 player)
Population
200
Speed
Normal
Resources
Standard
Victory
Conquest
Starting age
Dark Age
Ending age
Imperial Age
RankedLock teamsTeams togetherTeam positionsShared explorationLock speedFull tech treeHidden civsTurbo modeCheats
Victory
Defeat
🇨🇦 Wu · Canada
1515
+17
🇬🇧 Wei · United Kingdom
1547
-17
DK
6:24 Loom
8:51 Feudal Age
9:34 Double-Bit Axe
11:41 Horse Collar
18:49 Fletching
22:52 Castle Age
21:12 Scale Barding Armor
21:18 Forging
21:47 Bloodlines
24:17 Chain Barding Armor
25:04 Gold Mining
25:29 Husbandry
37:31 Imperial Age
36:31 Iron Casting
36:41 Herbal Medicine
37:19 Bow Saw
38:46 Conscription
38:16 Heavy Hei Guang Cavalry
41:28 Plate Barding Armor
dannyly2
6:13 Loom
8:26 Feudal Age
9:06 Double-Bit Axe
10:56 Horse Collar
16:03 Gold Mining
16:18 Fletching
20:35 Castle Age
18:46 Stone Mining
21:07 Scale Barding Armor
20:52 Crossbowman
22:15 Wheelbarrow
21:58 Bow Saw
22:23 Bodkin Arrow
23:58 Thumb Ring
25:05 Chain Barding Armor
25:06 Bloodlines
26:50 Husbandry
27:29 Devotion
28:40 Padded Archer Armor
30:57 Forging
31:31 Ballistics
38:06 Imperial Age
37:25 Leather Archer Armor
38:01 Thumb Ring
38:48 Bracer
39:51 Iron Casting
Connection lost

Rejoining the realm…

Still unreachable

The connection could not be restored.

Session expired

The server has moved on; the page needs a fresh start.